 Dungeon Crawl Stone Soup version 0.28.0-49-g6dfe1f597d (webtiles) character file.

Game seed: 13452564228065712540

30 Exodus22XD the Poker (level 3, 27/27 HPs)
             Began as a Demonspawn Gladiator on May 15, 2022.
             Quit the game on level 1 of the Dungeon.
             The game lasted 00:00:56 (1108 turns).

Exodus22XD the Poker (Demonspawn Gladiator)         Turns: 1108, Time: 00:00:56

Health: 27/27      AC:  4    Str: 16    XL:     3   Next: 3%
Magic:  3/3        EV: 12    Int:  9    God:
Gold:   70         SH:  0    Dex: 14    Spells: 2/2 levels left

rFire   . . .      SeeInvis .   a - +0 trident
rCold   . . .      Faith    .   (no shield)
rNeg    . . .      Spirit   .   b - +0 leather armour
rPois   .          Reflect  .   c - +0 helmet
rElec   .          Harm     .   (no cloak)
rCorr   .          Rampage  .   (no gloves)
Will    .....                   (no boots)
Stlth   +.........              (no amulet)
HPRegen 0.09/turn               (no ring)
MPRegen 0.08/turn               (no ring)

@: no status effects
A: demonic magic 1
a: no special abilities


You were on level 1 of the Dungeon.
You visited 1 branch of the dungeon, and saw 1 of its levels.

You collected 70 gold pieces.

Inventory:

Hand Weapons
 a - a +0 trident (weapon)
Missiles
 d - 3 throwing nets (quivered)
Armour
 b - a +0 leather armour (worn)
 c - a +0 helmet (worn)
Potions
 e - 2 potions of mutation {unknown}


   Skills:
 + Level 2.0 Fighting
 + Level 3.2 Polearms
 + Level 1.8 Throwing
 + Level 0.5 Armour
 + Level 3.1 Dodging


You had 2 spell levels left.
You didn't know any spells.
Your spell library contained the following spells:

 Spells                   Type           Power      Damage    Failure   Level
 Scorch                   Fire           0%         2d5       58%         2
 Flame Wave               Conj/Fire      0%         2d4       99%         4
 Summon Cactus Giant      Summ           0%         N/A       100%        6


Dungeon Overview and Level Annotations

Branches:
Dungeon (1/15)

Altars:

Shops:
D:1 ?*


Innate Abilities, Weirdness & Mutations

Spells you cast may paralyse adjacent enemies.


Message History

You barely miss the jackal.
The jackal is almost dead.
The jackal misses you.
You hit the jackal but do no damage.
The jackal is almost dead.
The jackal bites you but does no damage.
The jackal closely misses you.
You hit the jackal.
The jackal is almost dead.
The jackal bites you. x2
You hit the jackal.
You kill the jackal!
You now have 63 gold pieces (gained 8).
You see here a jackal corpse.
Key pressed, stopping explore.
You are too injured to fight recklessly!
You are too injured to fight recklessly!
Key pressed, stopping explore.
No target in view!
Found a stone staircase leading down.
No target in view!
Found a club.
No target in view!
You now have 70 gold pieces (gained 7).
Found 14 stones.
No target in view!
You see here 14 stones.
Found a stone staircase leading down.
No target in view!
There is a stone staircase leading down here.
Key pressed, stopping explore.
No target in view!
There is an open door here.
As you open the door, it creaks loudly!
No target in view!
There is an open door here.
You enter the shallow water.
Moving in this stuff is going to be slow.
A dart slug comes into view.
Are you sure you want to abandon this character and quit the game? (Confirm with "yes".)

...w... .......≈. #
###.. ......≈.P#≈ #
..... .......≈≈≈ #
.... ....≈≈≈≈≈≈ #..#
#...≈≈≈≈≈≈≈
#..###...≈≈≈≈≈≈###
#..##@.≈≈≈≈≈≈≈≈..## #
#.....≈≈≈≈≈≈≈≈....# #
#.#...≈≈≈≈≈≈.P..#.####
#...≈≈.≈≈≈≈....##.....
##...≈≈≈≈≈≈...########
#...P≈≈≈≈≈.........#
#..P≈≈≈≈≈.≈.######.#
#...≈≈≈≈≈P..######.##
#..≈≈≈≈≈≈≈...........


You could see a dart slug.

Vanquished Creatures
  A dart slug (D:1)
  2 ball pythons (D:1)
  2 bats (D:1)
  4 endoplasms (D:1)
  7 jackals (D:1)
  4 quokkas (D:1)
  A frilled lizard (D:1)
  A rat (D:1)
22 creatures vanquished.

Notes
Turn   | Place    | Note
-------+----------+-------------------------------------------
     0 | D:1      | Exodus22XD the Demonspawn Gladiator began the quest for the
                  | Orb.
     0 | D:1      | Reached XP level 1. HP: 16/16 MP: 1/1
   123 | D:1      | Found Qajan Horu's Magic Scroll Shop.
   165 | D:1      | Found Zuoc's Assorted Antiques.
   176 | D:1      | Gained mutation: Spells you cast may paralyse adjacent
                  | enemies. [demonic ancestry]
   176 | D:1      | Reached XP level 2. HP: 20/22 MP: 2/2
   624 | D:1      | Reached XP level 3. HP: 16/27 MP: 3/3
  1108 | D:1      | Quit the game

Illustrated notes

Levels and vault maps discovered:
D:1:      dpeg_arrival_prison, layout_basic, serial_shops,
          nicolae_shop_overgrown_old_shop, shop_statue, shop, minmay_liquid_box,
          chequers_big_river

Skill      XL: |  1  2 |
---------------+-------+-----
Polearms       | 3 |  3.2
Dodging        | 3 |  3.1
Fighting       | |  2.0
Throwing       | |  1.8
Armour         | |  0.5

Action                   || total
-------------------------++-------
Melee: Trident           ||    69
 Stab: Sleeping          ||     1
Armor: Leather armour    ||    20
Dodge: Dodged            ||    45
